 Dungeon Crawl Stone Soup version 0.28.0-53-g5a82cb258f (webtiles) character file.

Game seed: 15694672697962156312

149347 babelonianboi the Executioner (level 17, -23/244 HPs)
             Began as a Hill Orc Berserker on July 8, 2022.
             Was a High Priest of Trog.
             Killed from afar by a merfolk aquamancer (36 damage)
             ... with a torrent of water
             ... on level 3 of the Shoals on July 10, 2022.
             The game lasted 03:32:05 (64848 turns).

babelonianboi the Executioner (Hill Orc Berserker) Turns: 64848, Time: 03:32:06

Health: -23/244    AC: 28    Str: 26    XL:     17   Next: 51%
Magic:  17/17      EV: 10    Int: 10    God:    Trog [*****.]
Gold:   713        SH:  0    Dex: 10    Spells: 16/16 levels left

rFire   + . .      SeeInvis .   b - +5 executioner's axe (flame)
rCold   + + .      Faith    .   (shield currently unavailable)
rNeg    + + .      Spirit   .   F - +2 plate armour {Will+}
rPois   +          Reflect  .   z - +1 helmet {Int+3}
rElec   +          Harm     .   l - scarf {rC+ rF+}
rCorr   .          Rampage  .   c - +1 pair of gloves {hurl}
Will    +++..                   C - +2 pair of boots {Stlth+}
Stlth   ..........              (no amulet)
HPRegen 0.50/turn               Z - ring "Jaxumor" {rElec rN++ Will+ Str-2 Stlth+}
MPRegen 0.15/turn               P - ring "Ejase" {rPois rC+}

@: berserking, very quick
A: no striking features
a: Renounce Religion, Berserk, Trog's Hand, Brothers in Arms


You were on level 3 of the Shoals.
You worshipped Trog.
Trog was extremely pleased with you.
You visited 6 branches of the dungeon, and saw 29 of its levels.
You also visited: Sewer, Bailey and Gauntlet.

You collected 2884 gold pieces.
You spent 2171 gold pieces at shops.

Inventory:

Hand Weapons
 b - a +5 executioner's axe of flaming (weapon)
 u - a +4 broad axe
Missiles
 g - 2 throwing nets
 B - 4 silver javelins
 I - 52 boomerangs (quivered)
Armour
 c - a +1 pair of gloves of hurling (worn)
 l - a scarf of resistance (worn)
 z - a +1 helmet of intelligence (worn)
 C - a +2 pair of boots of stealth (worn)
 F - a +2 plate armour of willpower (worn)
Jewellery
 i - a +4 ring of evasion
 q - a +4 ring of evasion
 P - the ring "Ejase" (right hand) {rPois rC+}
   (You found it on level 4 of the Lair of Beasts)

   [ring of protection from cold]

   rC:        It protects you from cold.
   rPois:     It protects you from poison.
 U - a ring of see invisible
 W - the ring of Light {rPois Slay+3}
   (You found it on level 1 of the Shoals)

   [ring of poison resistance]

   Slay:      It affects your accuracy & damage with ranged weapons and melee
   (+3).
   rPois:     It protects you from poison.
 Z - the ring "Jaxumor" (left hand) {rElec rN++ Will+ Str-2 Stlth+}
   (You bought it in a shop on level 1 of the Snake Pit)

   [ring of willpower]

   Str:       It affects your strength (-2).
   rElec:     It insulates you from electricity.
   rN:        It greatly protects you from negative energy.
   Will:      It increases your willpower.
   Stlth:     It makes you more stealthy.
Wands
 j - a wand of digging (6)
 k - a wand of mindburst (3)
 m - a wand of acid (5)
 r - a wand of polymorph (6)
 w - a wand of flame (1)
 T - a wand of charming (8)
 X - a wand of iceblast (5)
Scrolls
 a - 12 scrolls of immolation
 f - 11 scrolls of teleportation
 n - 2 scrolls of fear
 s - 8 scrolls of magic mapping
 y - 4 scrolls of fog
 A - 2 scrolls of silence {unknown}
 D - 8 scrolls of identify
 H - 2 scrolls of enchant armour
 R - a scroll of enchant weapon
 V - 2 scrolls of summoning
Potions
 d - 3 potions of resistance
 e - 3 potions of heal wounds
 h - 4 potions of flight
 o - 4 potions of might
 p - 4 potions of cancellation
 t - 2 potions of berserk rage
 v - 4 potions of magic
 x - a potion of haste
 G - 2 potions of lignification
 N - 6 potions of invisibility
 O - 7 potions of curing
Miscellaneous
 J - a piece from Xom's chessboard (15/15)
 M - a condenser vane (inert)


   Skills:
 * Level 17.8 Fighting
 * Level 21.8(22.8) Axes
 * Level 10.1(15.5) Maces & Flails
 * Level 16.0 Armour
 * Level 8.4 Dodging
 + Level 2.5 Stealth
 * Level 10.1 Shields
 + Level 2.4 Evocations


You had 16 spell levels left.
You didn't know any spells.
Your spell library was empty.

Dungeon Overview and Level Annotations

Branches:
Dungeon (15/15)            Temple (1/1) D:5            Lair (6/6) D:8
 Shoals (4/4) Lair:2        Snake (1/4) Lair:3        Slime (0/5) Lair:6
    Orc (2/2) D:11            Elf (0/3) Orc:2        Vaults (0/5) D:13
 Depths (0/4) D:15          Sewer (visited)          Bailey (visited)
Gauntlet (visited)

Altars:
Cheibriados
Dithmenos
Elyvilon
Fedhas
Gozag
Hepliaklqana
Kikubaaqudgha
Makhleb
Nemelex Xobeh
Okawaru
Qazlal
Ru
Sif Muna
Trog
Uskayaw
Vehumet
Wu Jian
Xom
Yredelemnul
Zin
The Shining One
Jiyva

Shops:
D:2 ?   D:3 (?:*   D:9 *   D:15 (   Orc:2 !![:   Shoals:1 =   Shoals:2 :
Snake:1 =:=

Portals:
Pandemonium: Orc:2

Annotations:
D:4 3 runed translucent doors, Revguard's ghost, novice HOFi
Lair:6 3 runed translucent doors, duchin's ghost, journeyman DEAE


Message History

The water nymph is almost dead.
You slash the merfolk impaler! You burn the merfolk impaler.
The water nymph gestures at you while chanting.
The water swirls and strikes you!
* * * LOW HITPOINT WARNING * * *
The merfolk impaler hits you but does no damage.
The merfolk aquamancer hits you but does no damage.
You slash the water nymph! You burn the water nymph.
You kill the water nymph!
Trog accepts your kill.
Trog appreciates your killing of a magic user.
You slash the merfolk aquamancer! You burn the merfolk aquamancer.
You hit the merfolk impaler. You burn the merfolk impaler.
The merfolk impaler hits you but does no damage.
The merfolk javelineer throws a silver javelin.
The silver javelin pierces through you!
* * * LOW HITPOINT WARNING * * *
x2 The merfolk impaler hits you with a +0 trident!
* * * LOW HITPOINT WARNING * * *
Unknown command.
The merfolk aquamancer gestures at you while chanting.
The torrent of water misses you.
The torrent of water hits the merfolk impaler!!
The merfolk impaler is knocked back by the torrent of water.
The wave splashes down.
The merfolk javelineer throws a silver javelin.
The silver javelin pierces through you but does no damage.
* * * LOW HITPOINT WARNING * * *
You hear a shout!
You hear an angry hiss.
You climb upwards.
There is a stone staircase leading down, spattered with blood here.
Unknown command.
A red film seems to cover your vision as you go berserk!
You feel yourself moving faster!
You feel mighty!
The merfolk aquamancer hits you but does no damage.
You slice the merfolk aquamancer!! You burn the merfolk aquamancer.
The merfolk aquamancer is severely wounded.
The merfolk aquamancer casts a spell at you.
The torrent of water hits you!!!
You die...

≈≈≈≈≈≈≈≈≈≈ww≈≈≈≈≈≈≈..≈≈≈≈≈≈P≈≈..#
≈≈≈≈≈≈≈≈≈≈≈<≈≈≈..≈≈≈.≈≈≈≈≈≈.≈≈.##
≈≈≈≈≈≈≈≈≈≈≈......≈≈≈P≈≈≈≈≈P≈≈≈≈≈.
≈≈≈≈≈≈≈≈≈≈..#.....≈≈≈≈≈≈≈≈≈≈≈≈≈≈≈
≈≈≈≈≈≈≈≈≈...####..≈≈≈≈≈≈≈≈≈≈≈≈≈≈≈
≈≈≈≈≈≈≈≈≈...# ##.≈≈≈≈≈≈≈≈≈≈≈≈≈≈≈
≈≈≈≈≈≈≈≈...#### #.≈≈≈≈≈≈≈≈≈≈≈P≈≈≈
≈≈≈≈≈≈≈≈......###m.≈≈≈≈≈≈≈≈≈≈≈≈≈≈
≈≈≈≈≈≈≈≈.......)@[...≈≈≈≈≈≈≈≈≈≈≈≈
≈≈≈≈≈≈≈≈.......)#)...≈≈≈≈≈≈≈≈≈≈≈≈
≈≈≈≈≈≈≈≈...≈≈..##..≈≈≈≈≈≈≈≈≈≈≈≈≈.
≈≈≈≈≈≈≈≈≈..≈.....(.≈≈≈≈≈.≈≈≈≈≈≈≈.
≈≈≈≈≈≈≈≈≈.)..........≈≈≈≈≈≈≈≈≈≈≈.
≈≈≈≈≈≈≈≈≈≈≈......##..≈≈≈.≈≈≈≈≈≈..
≈≈≈≈≈≈≈≈≈≈..≈≈..####....≈≈≈≈≈≈≈≈≈
≈≈≈≈≈≈≈≈≈≈≈≈≈...###...≈≈≈≈≈≈≈≈≈≈≈
≈≈≈≈≈≈≈≈≈≈≈≈≈≈..<..≈≈≈≈≈≈≈≈≈≈≈≈≈≈


You could see a merfolk aquamancer.

Vanquished Creatures
  Jorgrun (Orc:2)
  Louise (Shoals:1)
  Nessos (Orc:1)
  A minotaur (Gauntlet)
  3 merfolk javelineers
  3 merfolk impalers
  A fire dragon (D:15)
  An ogre mage (D:15)
  A vault guard (D:13)
  An ice dragon (D:15)
  A merfolk avatar (Shoals:3)
  10 hydras
  A salamander tyrant (Snake:1)
  3 demonspawn (Orc:2)
  2 centaur warriors (D:13)
  3 anacondas
  4 catoblepae
  2 alligator snapping turtles
  A merfolk aquamancer (Shoals:3)
  14 death yaks
  4 two-headed ogres
  A satyr (Shoals:2)
  A naga sharpshooter (Snake:1)
  Sonja (Orc:1)
  2 shock serpents
  4 orc high priests (Orc:2)
  9 sea snakes
  A wizard (D:14)
  A naga ritualist (Snake:1)
  A lindwurm (Lair:6)
  23 harpies
  5 orc knights (Orc:2)
  3 mana vipers (Snake:1)
  A deep elf zephyrmancer (D:14)
  6 orc sorcerers (Orc:2)
  7 cyclopes
  7 fauns
  12 ugly things
  6 salamanders
  10 manticores
  A wolf spider (D:15)
  13 elephants
  2 merfolk sirens
  4 water nymphs
  11 black mambas
  A smoke demon (Orc:2)
  4 gargoyles
  A naga mage (Snake:1)
  An ice statue (Lair:4)
  4 torpor snails
  An unseen horror (D:10)
  4 komodo dragons
  10 cane toads
  Psyche (D:9)
  An ice devil (Lair:4)
  A kobold demonologist (D:12)
  2 efreet (D:13)
  25 merfolk
  9 rime drakes
  A hellwing (Orc:2)
  3 trolls
  7 wind drakes
  7 polar bears
  31 blink frogs
  25 dream sheep
  11 snapping turtles
  2 shadows (D:11)
  A centaur simulacrum (Gauntlet)
  A ynoxinul (Orc:2)
  A culicivora (shapeshifter) (D:13)
  3 water elementals
  8 wyverns
  A wraith (D:13)
  10 humans (D:13)
  6 steam dragons
  39 yaks
  5 basilisks
  A chaos spawn (Orc:2)
  2 vampire mosquitoes (D:11)
  Menkaure (D:4)
  4 wargs
  7 nagas (Snake:1)
  16 water moccasins
  2 acid dragons
  2 floating eyes (Gauntlet)
  A meliai simulacrum (Gauntlet)
  2 black bears (D:6)
  32 orc warriors
  7 ice beasts
  A sky beast (D:8)
  2 necrophages (D:6)
  13 ogres
  13 wolves
  9 centaurs
  2 phantoms
  7 kobold brigands
  6 bullfrogs
  4 gnoll sergeants (D:9)
  4 small abominations (Gauntlet)
  A water moccasin zombie (D:7)
  A wyvern zombie (D:5)
  A cane toad simulacrum (Gauntlet)
  A scorpion (D:6)
  6 killer bees (D:7)
  4 wights (D:8)
  2 electric eels
  A howler monkey (D:11)
  3 centaur zombies
  5 gnoll shamans
  2 jellies
  9 hounds
  A centaur skeleton (D:7)
  16 orc priests
  3 iguanas
  6 orc wizards
  13 hell rats
  2 killer bee zombies
  6 ogre zombies (D:11)
  A hound zombie (D:5)
  A hound skeleton (D:4)
  A howler monkey zombie (D:9)
  42 gnolls
  9 adders
  A howler monkey skeleton (D:7)
  9 river rats
  A shadow imp (D:5)
  5 white imps
  2 ufetubi (D:6)
  An adder skeleton (D:5)
  A worm (D:2)
  3 dart slugs
  72 orcs
  6 endoplasms
  A giant cockroach (D:4)
  11 goblins
  13 hobgoblins
  15 jackals
  32 kobolds
  2 quokkas
  12 ball pythons
  8 bats
  4 frilled lizards
  A goblin skeleton (D:11)
  A goblin zombie (D:11)
  3 hobgoblin skeletons (D:11)
  A hobgoblin zombie (D:11)
  An orc skeleton (D:11)
  12 orc zombies (D:11)
  A quokka skeleton (D:4)
  18 rats
  A plant (Shoals:4)
931 creatures vanquished.

Vanquished Creatures (collateral kills)
  An orc sorcerer (Orc:2)
1 creature vanquished.

Vanquished Creatures (others)
  A merfolk (Shoals:3)
  A human (D:13)
  31 fungi
  181 plants
  12 tentacles
226 creatures vanquished.

Grand Total: 1158 creatures vanquished

Notes
Turn   | Place    | Note
-------+----------+-------------------------------------------
     0 | D:1      | babelonianboi the Hill Orc Berserker began the quest for
                  | the Orb.
     0 | D:1      | Reached XP level 1. HP: 19/19 MP: 1/1
   143 | D:1      | Found a faded altar of an unknown god.
   152 | D:1      | Reached XP level 2. HP: 27/27 MP: 2/2
   432 | D:1      | Reached XP level 3. HP: 29/33 MP: 3/3
   900 | D:2      | Reached skill level 5 in Axes
   903 | D:2      | You fall into a shaft and drop 2 floors!
   909 | D:4      | Reached ** piety under Trog
   945 | D:4      | Reached XP level 4. HP: 39/40 MP: 4/4
  1178 | D:3      | Found a shimmering blue altar of Sif Muna.
  1812 | D:2      | Found Faph's Magic Scroll Shoppe.
  2521 | D:3      | Found Tugemm's Antique Weapon Emporium.
  2790 | D:3      | Found Leufinyf's Magic Scroll Shoppe.
  2814 | D:3      | Found Luykount's Book Boutique.
  2907 | D:3      | Found Xevvoanaca's Assorted Antiques.
  3191 | D:4      | Reached XP level 5. HP: 39/47 MP: 5/5
  3304 | D:4      | Noticed Menkaure
  3311 | D:4      | Reached skill level 5 in Fighting
  3314 | D:4      | Killed Menkaure
  3315 | D:4      | Reached skill level 6 in Axes
  3315 | D:4      | Reached XP level 6. HP: 54/56 MP: 6/6
  3537 | D:3      | Bought a runed war axe for 136 gold pieces
  3582 | D:4      | Found a white marble altar of Elyvilon.
  3653 | D:4      | Found a burning altar of Makhleb.
  3655 | D:4      | Noticed an Executioner
  3684 | D:4      | Found a runed translucent gate.
  3685 | D:4      | Found a runed translucent gate.
  3685 | D:4      | Found an opulent altar of Gozag.
  3686 | D:4      | Found a runed translucent gate.
  3880 | D:4      | Noticed a black bear
  3880 | D:4      | Noticed Revguard's ghost (novice HOFi)
  3956 | D:5      | Entered Level 5 of the Dungeon
  4055 | D:5      | Noticed an ice beast
  4068 | D:5      | Killed an ice beast
  4149 | D:5      | Reached XP level 7. HP: 61/61 MP: 7/7
  4189 | D:5      | Reached skill level 7 in Axes
  4459 | D:5      | Reached skill level 8 in Axes
  4612 | D:5      | Found a staircase to the Ecumenical Temple.
  4658 | D:5      | Reached *** piety under Trog
  4659 | D:5      | Reached skill level 5 in Armour
  4942 | Temple   | Entered the Ecumenical Temple
  5174 | D:6      | Reached XP level 8. HP: 62/70 MP: 8/8
  5270 | D:6      | Reached skill level 9 in Axes
  5270 | D:6      | Reached skill level 1 in Stealth
  5503 | D:6      | Found a glowing drain.
  5511 | Sewer    | Entered a sewer
  5816 | Sewer    | Reached skill level 10 in Axes
  5977 | Sewer    | Reached **** piety under Trog
  6436 | D:6      | Reached XP level 9. HP: 79/79 MP: 9/9
  6457 | D:6      | Reached skill level 11 in Axes
  6724 | D:6      | Found a blossoming altar of Fedhas.
  6728 | D:6      | Found a glowing silver altar of Zin.
  6917 | D:7      | Identified the +4 quarterstaff "Jeug" {vorpal, rElec rN+
                  | Will- Dex+5}
  7042 | D:7      | Reached skill level 12 in Axes
  7113 | D:7      | Found a flagged portal.
  7138 | D:7      | Reached skill level 1 in Maces & Flails
  7138 | D:7      | Reached skill level 1 in Shields
  7372 | Bailey   | Entered a bailey
  8769 | D:8      | Reached XP level 10. HP: 82/88 MP: 10/10
  8824 | D:8      | Found an ornate altar of the Wu Jian Council.
  9469 | D:8      | Found a bloodstained altar of Trog.
  9484 | D:8      | Reached skill level 13 in Axes
  9783 | D:8      | Found a staircase to the Lair.
 10193 | D:2      | Bought a scroll of enchant weapon for 82 gold pieces
 10245 | D:3      | Bought a wand of flame (6) for 25 gold pieces
 10245 | D:3      | Bought a scroll of teleportation for 75 gold pieces
 10288 | D:3      | Bought a scroll of identify for 28 gold pieces
 10288 | D:3      | Bought a scroll of enchant weapon for 105 gold pieces
 10289 | D:3      | Identified a scroll of acquirement
 10611 | Lair:1   | Entered Level 1 of the Lair of Beasts
 10683 | Lair:1   | Reached skill level 14 in Axes
 11171 | Lair:1   | Identified the +8 rapier of the Median {drain, Fly rPois
                  | rC++ Dex-4}
 11887 | Lair:2   | Noticed an eight-headed hydra
 11898 | Lair:2   | Killed an eight-headed hydra
 11899 | Lair:2   | Reached XP level 11. HP: 24/97 MP: 11/11
 12881 | Lair:2   | Found a staircase to the Shoals.
 13845 | Lair:3   | Reached skill level 15 in Axes
 13995 | Lair:3   | Reached skill level 10 in Fighting
 14338 | Lair:3   | Found a gate leading to a gauntlet.
 14348 | Gauntlet | Entered a Gauntlet
 14348 | Gauntlet | Noticed an entropy weaver
 14348 | Gauntlet | Found a transporter.
 14348 | Gauntlet | Found a transporter.
 14348 | Gauntlet | Found a transporter.
 14353 | Gauntlet | Found a transporter.
 14371 | Gauntlet | Found a transporter.
 14371 | Gauntlet | Noticed a thrashing horror
 14436 | Gauntlet | Noticed a shining eye
 14439 | Gauntlet | Found a transporter.
 14449 | Gauntlet | Found a transporter.
 14464 | Gauntlet | Found a transporter.
 14479 | Gauntlet | Found a transporter.
 14489 | Gauntlet | Found a transporter.
 14495 | Gauntlet | Found a transporter.
 14520 | Gauntlet | Found a transporter.
 15023 | Gauntlet | Identified the +0 hat of a Labyrinth {rPois Str-3 Int+6}
 15398 | Gauntlet | Noticed a minotaur
 15410 | Gauntlet | Killed a minotaur
 15411 | Gauntlet | Reached skill level 10 in Armour
 15520 | Lair:3   | Reached XP level 12. HP: 96/107 MP: 12/12
 15846 | Lair:3   | Found a staircase to the Snake Pit.
 16012 | Lair:3   | Reached skill level 16 in Axes
 16534 | Lair:4   | Reached skill level 5 in Shields
 16754 | Lair:4   | Reached skill level 5 in Maces & Flails
 16843 | Lair:4   | Noticed an eight-headed hydra
 16849 | Lair:4   | Killed an eight-headed hydra
 16946 | Lair:4   | Noticed a catoblepas
 16973 | Lair:4   | Reached skill level 5 in Dodging
 17024 | Lair:4   | Killed a catoblepas
 17505 | Lair:4   | Noticed a four-headed hydra
 17514 | Lair:4   | Killed a four-headed hydra
 17515 | Lair:4   | Reached XP level 13. HP: 118/118 MP: 13/13
 17689 | Lair:4   | Reached skill level 17 in Axes
 18364 | Lair:4   | Reached ***** piety under Trog
 20557 | Lair:6   | Entered Level 6 of the Lair of Beasts
 20778 | Lair:6   | Received a gift from Trog
 21720 | Lair:6   | Found a runed translucent gate.
 21720 | Lair:6   | Found a runed translucent gate.
 21720 | Lair:6   | Found a runed translucent gate.
 21720 | Lair:6   | Noticed duchin's ghost (journeyman DEAE)
 22312 | Lair:6   | Reached XP level 14. HP: 129/129 MP: 14/14
 23080 | Lair:6   | Reached skill level 18 in Axes
 24998 | Lair:6   | Identified the +1 ring mail of Reason {+Blink rPois}
 25458 | Lair:6   | Found a viscous altar of Jiyva.
 25458 | Lair:6   | Found a staircase to the Slime Pits.
 25701 | D:9      | Noticed Psyche
 25711 | D:9      | Killed Psyche
 26004 | D:9      | Found Qarphu Zyrri's General Store.
 26688 | D:9      | Identified the +11 rapier of Wyrd {vorpal, rC+ rN+}
 27060 | D:10     | Entered Level 10 of the Dungeon
 27229 | D:10     | Identified the +12 hand axe "Lerhearo" {venom, rF+ Dex+2}
 28275 | Lair:4   | Identified the ring "Ejase" {rPois rC+}
 29412 | D:11     | Found a staircase to the Orcish Mines.
 30751 | Orc:1    | Entered Level 1 of the Orcish Mines
 31851 | Orc:2    | Entered Level 2 of the Orcish Mines
 31851 | Orc:2    | Noticed Nessos
 33166 | Orc:1    | Killed Nessos
 33167 | Orc:1    | Reached XP level 15. HP: 61/139 MP: 15/15
 33407 | Orc:2    | Reached skill level 15 in Fighting
 33415 | Orc:2    | Noticed Sonja
 33841 | Orc:1    | Killed Sonja
 34274 | Orc:2    | Found a staircase to the Elven Halls.
 35576 | Orc:2    | Reached skill level 19 in Axes
 36135 | Orc:2    | Noticed Jorgrun
 36151 | Orc:2    | Killed Jorgrun
 36625 | Orc:2    | Found Rabaesk's Distillery.
 36644 | Orc:2    | Found Ybbib's Distillery.
 36778 | Orc:2    | Received a gift from Trog
 37287 | Orc:2    | Reached skill level 1 in Evocations
 37633 | Orc:2    | Found Cafim's Book Shoppe.
 37633 | Orc:2    | Found a one-way gate leading to the halls of Pandemonium.
 37633 | Orc:2    | Found Ficsog's Antique Armour Emporium.
 38071 | Orc:2    | Bought 2 potions of might for 88 gold pieces
 38071 | Orc:2    | Bought 2 potions of invisibility for 176 gold pieces
 38071 | Orc:2    | Bought a potion of curing for 33 gold pieces
 38071 | Orc:2    | Bought a potion of flight for 33 gold pieces
 38071 | Orc:2    | Bought a potion of heal wounds for 55 gold pieces
 38071 | Orc:2    | Bought a potion of resistance for 110 gold pieces
 38071 | Orc:2    | Bought a potion of cancellation for 88 gold pieces
 38073 | Orc:2    | Bought a potion of lignification for 48 gold pieces
 38073 | Orc:2    | Bought a potion of heal wounds for 80 gold pieces
 38073 | Orc:2    | Bought a potion of resistance for 160 gold pieces
 38073 | Orc:2    | Bought a potion of lignification for 48 gold pieces
 38073 | Orc:2    | Bought a potion of heal wounds for 80 gold pieces
 39173 | D:13     | Found the +3 salamander hide armour {Flames rF++ rC--}
 41453 | D:13     | Found a gate to the Vaults.
 41466 | D:13     | Identified the +1 plate armour of Context {rElec Regen+
                  | Str-3 SInv}
 43623 | D:15     | Entered Level 15 of the Dungeon
 44153 | D:15     | Found Ixtonoci's Weapon Emporium.
 44199 | D:15     | Reached XP level 16. HP: 151/151 MP: 16/16
 44732 | D:15     | Identified the +0 leather armour of Obup Lyi {rElec rPois
                  | rF- SInv}
 44782 | D:15     | Reached skill level 20 in Axes
 45185 | D:15     | Found a staircase to the Depths.
 45514 | Snake:1  | Entered Level 1 of the Snake Pit
 49414 | Snake:1  | Found Bobo's Jewellery Shoppe.
 49414 | Snake:1  | Found Xaicitt's Book Shop.
 49416 | Snake:1  | Found Vayzu's Jewellery Shoppe.
 49430 | Snake:1  | Bought the ring "Jaxumor" {rElec rN++ Will+ Str-2 Stlth+}
                  | for 721 gold pieces
 49445 | Snake:1  | Reached skill level 15 in Armour
 50942 | Shoals:1 | Entered Level 1 of the Shoals
 51162 | Shoals:1 | Noticed Louise
 51183 | Shoals:1 | Killed Louise
 51431 | Shoals:1 | Found Inoepenn's Jewellery Emporium.
 51459 | Shoals:1 | Identified the ring of Light {rPois Slay+3}
 53295 | Shoals:2 | Found Icko's Book Boutique.
 57412 | Shoals:2 | Reached skill level 21 in Axes
 57949 | Shoals:3 | Reached XP level 17. HP: 116/161 MP: 17/17
 60928 | Shoals:3 | Noticed a kraken
 62232 | Shoals:3 | Reached skill level 10 in Shields
 62514 | Shoals:3 | Reached skill level 10 in Maces & Flails
 62805 | Shoals:4 | Entered Level 4 of the Shoals
 64438 | Shoals:4 | Noticed a kraken
 64844 | Shoals:4 | HP: 8/163 [merfolk impaler/+0 trident (14)]
 64848 | Shoals:3 | Killed from afar by a merfolk aquamancer

Illustrated notes

Levels and vault maps discovered:
D:1:      minmay_arrival_hallway, layout_rooms, basic_ecumenical_altar,
          dk_noncrumbling_2
D:2:      layout_basic, serial_shops, nicolae_shop_window_shopping
D:3:      layout_loops_ring, mainiacjoe_overflow_alcove_1, serial_shops,
          nicolae_shop_stone, shop, shop, nicolae_shop_hallway_plus
D:4:      layout_rooms, mainiacjoe_overflow_alcove_2, makhleb_altar_promises_db,
          ebering_ghost_gozag, minmay_misc_feat_enclosed, uniq_menkaure
D:5:      layout_loops_ring, minmay_temple_entry_mini_moons
D:6:      layout_loops_cross, nicolae_overflow_hidden_temple,
          lightli_sewer_entry_pipes, st_stairs_12
D:7:      layout_basic, enter_bailey_3, minivault_1
D:8:      layout_loops_ring, mainiacjoe_overflow_cross_hatched,
          nzn_wu_jian_contemplation, david_lair_shrubbed
D:9:      layout_cave_pools, serial_shops, nicolae_shop_advertising_works
          [nicolae_subvault_shop_adworks], serial_gnoll_camp,
          gnoll_camp_huts_moat, gnoll_camp_mini_doghouse,
          gnoll_camp_mini_sergeant, gnoll_camp_mini_hut, gnoll_camp_medium_01,
          gnoll_camp_mini_doghouse, uniq_psyche
D:10:     layout_roguey
D:11:     layout_basic, zombieorc1_lemuel, nrook_uturn
D:12:     layout_roguey, minmay_misc_feat_ornament, wad_floor_pattern_1
D:13:     layout_loops_ring, ximxim_vaults_locker_room
D:14:     layout_basic, minmay_misc_feat_rows, columned_hall_lemuel
D:15:     grunt_enter_depths_hoard, layout_basic, serial_shops,
          nicolae_shop_crystal, minmay_misc_feat_encased
Temple:   eino_narrow_crystal_temple
Lair:1:   layout_cave_shapes, fungi_pond_lemuel, patterned_corridor
Lair:2:   layout_cave_pods, minmay_shoals_entry_hut, grunt_megastairs_1
Lair:3:   layout_roguey, guppyfry_snake_entry_garden,
          portal_ice_cave_entry_pillars_1, gauntlet_entry_generic,
          beast_lair_carwin_6, lemuel_fruit_tree
Lair:4:   layout_roguey, ice2_lemuel, serial_bayou_shore_a
Lair:5:   layout_regular_city, serial_bayou, serial_bayou_pond_d,
          serial_bayou_pond_e, serial_bayou_pond_c, serial_bayou_pond_d,
          minmay_lindwurm_lava
Lair:6:   hangedman_lair_in_review, layout_regular_city,
          dpeg_slime_entry_enclosed_altar, ebering_ghost_rock_garden,
          infiniplex_staircase_pool
Shoals:1: layout_shoals, serial_shops, shop, nzn_prometheus_bound, uniq_louise
Shoals:2: layout_shoals, serial_shops,
          nicolae_shop_temple_entry_statues_fountains,
          nicolae_shoals_drake_roost
Shoals:3: layout_shoals
Shoals:4: shoals_end_hangedman, layout_shoals, uniq_aizul
Snake:1:  layout_onion, minmay_snake_pond, minmay_shop_grove
Orc:1:    layout_caves
Orc:2:    pf_orc_diabolical, layout_caves, uniq_sonja, uniq_jorgrun, uniq_nessos

Skill      XL: |  1  2  3  4  5  6  7  8  9 10 11 12 13 14 15 16 17 |
---------------+----------------------------------------------------+-----
Fighting       | 4 5 6 7 8 9 10 12 13 14 16 17 | 17.8
Axes           | 5 6 8 10 12 14 15 16 17 18 19 21 | 21.8
Armour         | 3 4 5 6 7 8 10 11 12 13 14 15 16 | 16.0
Dodging        | 2 3 4 5 6 7 8 |  8.4
Stealth        | 1 2 |  2.5
Maces & Flails | 1 3 4 5 6 7 8 9 10 | 10.1
Shields        | 1 3 4 5 7 8 9 10 | 10.1
Evocations     | 1 2 |  2.4

Action                   |  1- 3 |  4- 6 |  7- 9 | 10-12 | 13-15 | 16-18 || total
-------------------------+-------+-------+-------+-------+-------+-------++-------
Melee: Hand axe          |   117 |   164 |       |       |       |       ||   281
       War axe           |       |    23 |   310 |   527 |   191 |       ||  1051
       Punch             |       |       |     7 |     7 |    27 |     5 ||    46
       Dire flail        |       |       |       |    18 |    18 |       ||    36
       Broad axe         |       |       |       |       |  1235 |    67 ||  1302
       Executioner's axe |       |       |       |       |    10 |   595 ||   605
Invok: Berserk           |       |     2 |     7 |     7 |    22 |     3 ||    41
       Trog's Hand       |       |     1 |     1 |     4 |    19 |     6 ||    31
       Brothers in Arms  |       |       |       |       |     1 |       ||     1
Evoke: Wand              |       |       |     3 |     1 |    17 |    39 ||    60
       Piece from Xom's  |       |       |       |       |    14 |     5 ||    19
       Condenser vane    |       |       |       |       |     1 |     3 ||     4
  Use: Scroll            |       |     4 |     3 |     6 |    10 |     4 ||    27
       Potion            |       |     3 |     5 |     6 |    14 |     4 ||    32
 Stab: Petrified         |       |       |       |     1 |       |       ||     1
       Invisible         |       |       |       |       |     8 |       ||     8
       Petrifying        |       |       |       |       |     2 |       ||     2
       Confused          |       |       |       |       |       |     3 ||     3
Armor: Animal skin       |     4 |       |       |       |       |       ||     4
       Chain mail        |    66 |    90 |   205 |       |       |       ||   361
       Skin              |       |    41 |       |       |       |       ||    41
       Plate armour      |       |       |     9 |   263 |   694 |   499 ||  1465
Dodge: Dodged            |    47 |    72 |   174 |   172 |   776 |   354 ||  1595
Block: Buckler           |       |       |       |    17 |       |       ||    17
